 Dungeon Crawl Stone Soup version 0.23-a0-629-gae4348f6cf (webtiles) character file.

58 Hercules1031 the Shield-Bearer (level 4, 0/55 HPs)
             Began as a Formicid Fighter on Dec 26, 2018.
             Succumbed to a goblin's poison
             ... on level 2 of the Dungeon.
             The game lasted 00:04:52 (1111 turns).

Hercules1031 the Shield-Bearer (Formicid Fighter)   Turns: 1111, Time: 00:04:53

Health: 0/55       AC: 22    Str: 27    XL:     4   Next: 20%
Magic:  4/4        EV:  2    Int:  7    God:
Gold:   128        SH: 10    Dex: 15    Spells: 3/3 levels left

rFire    . . .     SeeInvis .   a - +0 war axe
rCold    . . .     Gourm    .   c - +0 shield
rNeg     + + +     Faith    .   (armour currently unavailable)
rPois    +         Spirit   .   (helmet unavailable)
rElec    .         Reflect  .   (cloak currently unavailable)
rCorr    .         Harm     .   (gloves currently unavailable)
MR       .....                  (boots currently unavailable)
Stlth    ++........             (no amulet)
HPRegen  0.18/turn              (no ring)
MPRegen  0.09/turn              (no ring)

@: mighty, agile, lethally poisoned (0 -> -12), tree-form
A: permanent stasis, dig shafts and tunnels, four strong arms
a: no special abilities


You were on level 2 of the Dungeon.
You were not hungry.
You were a tree.
You visited 1 branch of the dungeon, and saw 2 of its levels.

You collected 128 gold pieces.

Inventory:

Hand Weapons
 a - a +0 war axe (weapon)
Armour
 b - a +0 scale mail (melded)
 c - a +0 shield (worn)
Scrolls
 g - a scroll of enchant weapon {unknown}
 h - 2 scrolls of amnesia {unknown}
 k - a scroll of identify {unknown}
 l - a scroll of immolation {unknown}
Potions
 e - a potion of lignification
 i - a potion of agility
Comestibles
 f - 3 rations


   Skills:
 + Level 3.8 Fighting
 + Level 2.5 Axes
 + Level 3.7 Armour
 + Level 1.1 Dodging
 + Level 4.1 Shields


You had 3 spell levels left.
You didn't know any spells.
Your spell library was empty.

Dungeon Overview and Level Annotations

Branches:
Dungeon (2/15)

Altars:


Innate Abilities, Weirdness & Mutations

You cannot be hasted, slowed, berserked, paralysed or teleported.
You can dig through walls and to a lower floor.
Your four strong arms can wield two-handed weapons with a shield.
((You have a pair of large antennae on your head. (SInv)))


Message History

You block the jackal's attack. x2
It was a potion of agility.
You feel agile all of a sudden.
* * * LOW HITPOINT WARNING * * *
You feel sick.
The jackal bites you but does no damage. x2
You block the jackal's attack.
It was a potion of flight.
Your roots keep you in place.
* * * LOW HITPOINT WARNING * * *
You feel sick. You block the jackal's attack.
The jackal bites you but does no damage.
You barely miss the jackal. You slash the jackal!
You kill the jackal!
* * * LOW HITPOINT WARNING * * *
You feel sick. You block the jackal's attack.
The jackal bites you but does no damage.
You slice the worm!!
You kill the worm!
You barely miss the jackal.
You die...

### # ..#.# # ###.#.
######## #.#....
#.......
#.#.#>#######.......
>....##............
#)#..[............
#♣hs..............
####''####........
........##.......
#.♣♣..♣♣.######### #
8h.8 # ...h.. ####
...?.... ....
#.♣8..8♣.# #### {
....


You could see a jackal and a giant cockroach.

Vanquished Creatures
  An adder (D:2)
  2 worms (D:2)
  2 dart slugs (D:1)
  A leopard gecko (D:2)
  6 goblins
  3 hobgoblins (D:2)
  7 jackals (D:2)
  A quokka (D:2)
  6 bats
  3 frilled lizards
  A kobold (D:1)
  3 rats (D:1)
36 creatures vanquished.

Notes
Turn   | Place    | Note
-------+----------+-------------------------------------------
     0 | D:1      | Hercules1031 the Formicid Fighter began the quest for the
                  | Orb.
     0 | D:1      | Reached XP level 1. HP: 18/18 MP: 1/1
   217 | D:1      | Reached XP level 2. HP: 23/24 MP: 2/2
   756 | D:2      | Reached XP level 3. HP: 27/29 MP: 3/3
   796 | D:2      | Reached skill level 1 in Dodging
   796 | D:2      | Reached skill level 4 in Shields
  1100 | D:2      | Reached XP level 4. HP: 18/37 MP: 4/4
  1110 | D:2      | HP: 2/55 [poisoned by a goblin]
  1111 | D:2      | Succumbed to a goblin's poison

Vault maps used:
D:1:      evilmike_arrival_fibonacci_small, skrybe_limestone_x,
          minmay_tromino_v2
D:2:      kennysheep_generic_room_5, uniq_natasha

Skill      XL: |  1  2  3 |
---------------+----------+-----
Dodging        | 1 |  1.1
Shields        | 4 |  4.1
Fighting       | |  3.8
Axes           | |  2.5
Armour         | |  3.7

Action                   |  1- 3 |  4- 6 || total
-------------------------+-------+-------++-------
Melee: War axe           |   100 |     8 ||   108
  Use: Potion            |     1 |     3 ||     4
  Eat: Ration            |     1 |       ||     1
Armor: Scale mail        |    62 |    11 ||    73
       Skin              |       |     5 ||     5
Dodge: Dodged            |    63 |     4 ||    67
Block: Shield            |    84 |    11 ||    95

Table legend:
 A = Non-vault XP
 B = Vault XP
 C = Vault XP percentage of total XP
 D = Non-vault monster count
 E = Vault monster count
 F = Vault count percentage of total count
                 A         B        C        D         E       F
            +---------+---------+-------+---------+---------+-------
      Total |      76 |       7 |   8.4 |      33 |       3 |   8.3
            +---------+---------+-------+---------+---------+-------
        D:1 |      24 |       4 |  14.3 |      15 |       1 |   6.2
        D:2 |      52 |       3 |   5.5 |      18 |       2 |  10.0
            +---------+---------+-------+---------+---------+-------
